 Dungeon Crawl Stone Soup version 0.29.0-3-gbb0933ed62 (webtiles) character file.

Game seed: 2563657701608230584

111 KelbiRefugee the Shooter (level 4, -1/26 HPs)
             Began as a Deep Elf Hunter on Aug 25, 2022.
             Killed by nerve-wracking pain
             ... invoked by a shadow imp
              (9 damage)
             ... on level 3 of the Dungeon.
             The game lasted 00:02:49 (1858 turns).

KelbiRefugee the Shooter (Deep Elf Hunter)          Turns: 1858, Time: 00:02:50

Health: -1/26      AC:  5    Str:  8    XL:     4   Next: 62%
Magic:  6/6        EV: 12    Int: 14    God:
Gold:   141        SH:  0    Dex: 20    Spells: 3/3 levels left

rFire   . . .      SeeInvis .   a - +0 shortbow
rCold   . . .      Faith    .   (shield currently unavailable)
rNeg    . . .      Spirit   .   c - +0 leather armour
rPois   .          Reflect  .   h - +1 helmet
rElec   .          Harm     .   (no cloak)
rCorr   .          Rampage  .   (no gloves)
Will    .....                   (no boots)
Stlth   ++........              (no amulet)
HPRegen 0.08/turn               (no ring)
MPRegen 0.10/turn               (no ring)

@: no status effects
A: no striking features
a: no special abilities


You were on level 3 of the Dungeon.
You visited 1 branch of the dungeon, and saw 3 of its levels.

You collected 141 gold pieces.

Inventory:

Hand Weapons
 a - a +0 shortbow (weapon)
Armour
 c - a +0 leather armour (worn)
 h - a +1 helmet (worn)
Scrolls
 b - a scroll of immolation
 d - 3 scrolls of teleportation
 e - a scroll of noise {unknown}
 f - a scroll of fear {unknown}
 g - a scroll of amnesia {unknown}
 m - a scroll of identify {unknown}
 n - a scroll of summoning {unknown}
 q - a scroll of poison {unknown}
Potions
 i - 2 potions of brilliance {unknown}
 j - a potion of invisibility {unknown}
 k - a potion of lignification {unknown}
 l - a potion of attraction {unknown}
 o - a potion of flight {unknown}
 p - a potion of heal wounds {unknown}


   Skills:
 - Level 2.0 Fighting
 + Level 7.6 Ranged Weapons
 - Level 2.4 Dodging
 - Level 2.0 Stealth


You had 3 spell levels left.
You didn't know any spells.
Your spell library was empty.

Dungeon Overview and Level Annotations

Branches:
Dungeon (3/15)

Altars:

Shops:
D:2 (


Message History

Fire: a) +0 shortbow
Press: ? - help, Q - select action Shift-Dir - straight line, f - endoplasm, p - shadow imp
Aim: an endoplasm (88% to hit)
You shoot an arrow. The arrow hits the endoplasm.
The endoplasm is almost dead.
The endoplasm hits you. The shadow imp misses you.
Fire: a) +0 shortbow
Press: ? - help, Q - select action Shift-Dir - straight line, f/p - endoplasm
Aim: an endoplasm (almost dead, 88% to hit)
You shoot an arrow. The arrow hits the endoplasm.
You kill the endoplasm!
The shadow imp gestures at you. Pain shoots through your body!
Okay, then.
Okay, then.
You shoot an arrow. The arrow hits the kobold.
The kobold is severely wounded.
The kobold hits you with a +0 club. The shadow imp spits at you.
You are too injured to fight recklessly!
You are too injured to fight recklessly!
You are too injured to fight recklessly!
You are too injured to fight recklessly!
Fire: a) +0 shortbow
Press: ? - help, Q - select action Shift-Dir - straight line, f/p - kobold
Aim: a kobold, wielding a +0 club (severely wounded, 60% to hit)
You shoot an arrow.
The arrow hits the kobold but does no damage.
The kobold is severely wounded.
The kobold closely misses you.
Fire: a) +0 shortbow
Press: ? - help, Q - select action Shift-Dir - straight line, f/p - kobold
Aim: a kobold, wielding a +0 club (severely wounded, 60% to hit)
You shoot an arrow. The arrow hits the kobold.
You kill the kobold!
The goblin unwields a +0 club.
The goblin wields a +4 sling.
The goblin shoots a sling bullet.
The sling bullet hits you. The shadow imp gestures at you.
Pain shoots through your body!
You die...

#.####.######## .#
.......##.....# .
...###.##.###.# .# ...#
#....# #.# ##.#
...###..#.###.# ...# '.
........#.....###..#...#
####.##.###.####grK..# #
#.##.# #.# #5# ### # #
##.# #.####@#...# # #.#
#.##.....# #
#.###.##.###..#
#.......>..#..#
#.....##.#.# .#
#.######.....#. #
###.#...# ....## ####


You could see a shadow imp, a goblin and a rat.

Vanquished Creatures
  A gnoll (D:1)
  3 adders
  A worm (D:2)
  A dart slug (D:1)
  4 orcs (D:3)
  9 ball pythons
  4 bats
  5 endoplasms
  5 giant cockroaches
  8 hobgoblins
  3 kobolds
  3 quokkas
  5 frilled lizards
  5 goblins
  4 rats
61 creatures vanquished.

Notes
Turn   | Place    | Note
-------+----------+-------------------------------------------
     0 | D:1      | KelbiRefugee the Deep Elf Hunter began the quest for the
                  | Orb.
     0 | D:1      | Reached XP level 1. HP: 12/12 MP: 3/3
    40 | D:1      | Reached XP level 2. HP: 17/17 MP: 4/4
   293 | D:1      | Reached skill level 6 in Ranged Weapons
   342 | D:1      | Reached XP level 3. HP: 20/21 MP: 5/5
   720 | D:2      | Found a faded altar of an unknown god.
   783 | D:2      | Found Gefa's Antique Weapon Emporium.
  1052 | D:2      | Reached skill level 7 in Ranged Weapons
  1052 | D:2      | Reached XP level 4. HP: 26/26 MP: 6/6
  1858 | D:3      | Killed from afar by a shadow imp

Illustrated notes

Levels and vault maps discovered:
D:1:      dpeg_arrival_arbitrary_b, layout_rooms
D:2:      layout_basic, shapermc_ecumenical_altar_mp_highgroup, serial_shops,
          nicolae_shop_waterfront, palyth_stone_intersect,
          dreamdust_princess_corridor, minmay_misc_feat_ornament
D:3:      cheibrodos_greedy_goblins, layout_loops_ring,
          minmay_fractal_squares_diagonal_5

Skill      XL: |  1  2  3 |
---------------+----------+-----
Stealth        | 2 |  2.0
Fighting       | 2 |  2.0
Ranged Weapons | 6 7 |  7.6
Dodging        | |  2.4

Action                   |  1- 3 |  4- 6 || total
-------------------------+-------+-------++-------
 Fire: Shortbow          |   116 |    44 ||   160
  Use: Scroll            |     1 |       ||     1
Armor: Leather armour    |    11 |     4 ||    15
Dodge: Dodged            |    28 |     6 ||    34
